San Jose Sharks vs Dallas Stars
Created - samedi, 6 décembre 2025 at 19:00
Goals
|
| San Jose Sharks |
1 |
0 |
2 |
3 |
| Dallas Stars |
0 |
1 |
4 |
5 |
|
Shots
|
| San Jose Sharks |
14 |
7 |
8 |
29 |
| Dallas Stars |
5 |
5 |
13 |
23 |
|
1st period
1. San Jose Sharks , Tim Stutzle 12 (Nick Suzuki 13, Lane Hutson 15) at 17:42
Penalties :
Noah Dobson (DAL) for Interference (Minor) at 1:16, J.J. Moser (DAL) for Interference (Minor) at 5:43, J.J. Moser (DAL) for Tripping (Minor) at 13:10
2nd period
2. Dallas Stars , Logan Cooley 10 (Jason Robertson 10, Noah Dobson 15) at 4:34
Penalties :
Kyle Connor (DAL) for Hooking (Minor) at 1:31
3rd period
3. Dallas Stars , Kyle Connor 10 (Logan Cooley 15, Jason Robertson 11) at 0:18
4. San Jose Sharks , Lane Hutson 3 (Tim Stutzle 13, Nick Suzuki 14) at 1:28
5. Dallas Stars , Pontus Holmberg 3 (Colton Parayko 14, Noah Dobson 16) at 4:09
6. Dallas Stars , Michael McCarron 3 (J.J. Moser 8, Jonathan Marchessault 9) at 8:13
7. San Jose Sharks , Jake Walman 3 (Evgeni Malkin 8) at 11:40
8. Dallas Stars , Jason Robertson 12 (Kyle Connor 18, Noah Dobson 17) at 13:16
Penalties :
No Penalty
Goalie Stats
Petr Mrazek (SJS), 14 saves from 18 shots - (0.778), L, 14-3-2, 48:13 minutes
Mackenzie Blackwood (SJS), 4 saves from 5 shots - (0.800), 11:47 minutes
Ukko-Pekka Luukkonen (DAL), 26 saves from 29 shots - (0.897), W, 12-6-2, 60:00 minutes
Players Stats for San Jose Sharks
Player Name G A P +/- PIM S H SB GA TA FO MP PP MP PK MP
------------------------------------------------------------------------------------
Erik Karlsson 0 0 0 -1 0 0 3 1 0 0 0/0 19:44 3:36 0:00
Evgeni Malkin 0 1 1 1 0 3 0 0 0 0 4/7 14:31 0:00 0:00
Fabian Zetterlund 0 0 0 -1 0 0 0 0 0 0 0/0 8:29 0:00 0:00
Filip Chytil 0 0 0 1 0 2 0 0 0 0 0/0 14:05 0:00 0:00
Gustav Forsling 0 0 0 -1 0 1 0 1 0 0 0/0 17:19 0:00 0:00
Jake Walman 1 0 1 0 0 2 1 1 0 0 0/0 19:37 3:36 0:00
JJ Peterka 0 0 0 -2 0 3 1 0 0 0 0/2 21:46 3:58 0:00
Lane Hutson 1 1 2 -1 0 1 2 0 0 0 0/0 21:42 4:20 0:00
Luke Kunin 0 0 0 1 0 0 1 0 0 0 2/2 14:05 0:00 0:00
Macklin Celebrini 0 0 0 -2 0 5 2 0 0 0 6/20 21:49 3:58 0:00
Marco Rossi 0 0 0 -1 0 3 1 0 0 0 7/16 12:27 3:58 0:00
Mario Ferraro 0 0 0 0 0 0 0 0 0 0 0/0 16:39 4:20 0:00
Nick Suzuki 0 2 2 0 0 1 0 0 0 0 8/17 12:05 0:00 0:00
Ryker Evans 0 0 0 0 0 1 0 1 0 0 0/0 16:01 0:00 0:00
Tim Stutzle 1 1 2 -1 0 3 1 0 0 0 1/2 23:20 3:58 0:00
Timo Meier 0 0 0 0 0 3 0 0 0 0 0/2 15:40 3:58 0:00
Vince Dunn 0 0 0 -1 0 0 0 0 0 0 0/0 8:55 0:00 0:00
William Eklund 0 0 0 -2 0 1 0 0 0 0 2/5 21:46 3:58 0:00
Players Stats for Dallas Stars
Player Name G A P +/- PIM S H SB GA TA FO MP PP MP PK MP
------------------------------------------------------------------------------------
Alexander Petrovic 0 0 0 -2 0 0 2 0 0 0 0/0 14:48 0:00 0:14
Cole Sillinger 0 0 0 -1 0 1 1 0 0 0 12/18 14:32 0:00 3:10
Colton Parayko 0 1 1 1 0 1 1 1 0 0 0/0 25:42 0:00 3:35
J.J. Moser 0 1 1 3 4 0 1 1 0 0 0/0 15:54 0:00 2:01
Jamie Benn 0 0 0 1 0 0 0 0 0 0 11/17 18:03 0:00 1:39
Jason Robertson 1 2 3 1 0 2 3 0 0 0 1/2 16:48 0:00 1:03
Jonathan Marchessault 0 1 1 1 0 1 2 0 0 0 0/0 18:18 0:00 1:54
Kyle Connor 1 1 2 1 2 5 0 0 0 0 1/1 15:54 0:00 0:11
Leo Carlsson 0 0 0 -1 0 1 0 0 0 0 0/1 11:22 0:00 0:00
Logan Cooley 1 1 2 1 0 4 2 1 0 0 8/13 15:00 0:00 0:23
Mavrik Bourque 0 0 0 1 0 3 0 0 0 0 3/8 9:41 0:00 0:00
Michael McCarron 1 0 1 1 0 1 2 0 0 0 5/7 17:46 0:00 2:29
Miro Heiskanen 0 0 0 0 0 0 0 0 0 0 0/0 23:25 0:00 4:03
Moritz Seider 0 0 0 -2 0 0 1 2 0 0 0/0 18:12 0:00 3:18
Noah Dobson 0 3 3 4 2 0 0 4 0 0 0/0 20:48 0:00 2:41
Pontus Holmberg 1 0 1 1 0 3 0 0 0 0 1/3 11:30 0:00 1:49
Trent Frederic 0 0 0 -1 0 1 3 0 0 0 0/0 14:36 0:00 3:14
Zachary L'Heureux 0 0 0 1 0 0 0 0 0 0 1/3 9:41 0:00 0:00
3 Stars
1 - Jason Robertson (DAL)
2 - Noah Dobson (DAL)
3 - Logan Cooley (DAL)
Power Play
San Jose Sharks - 0 on 4 Attempt(s) - 0.00%
Dallas Stars - 0 on 0 Attempt(s) - 0.00%
Penalty Kill
San Jose Sharks - 0 on 0 Attempt(s) - 0.00%
- Score 0 goal in Penalty Kill
Dallas Stars - 4 on 4 Attempt(s) - 100.00%
- Score 0 goal in Penalty Kill
Team Stat
San Jose Sharks - Hits : 12 - Faceoff Wins : 30 - Blocked Shots : 4 - Penalty Minutes : 0
Dallas Stars - Hits : 18 - Faceoff Wins : 43 - Blocked Shots : 9 - Penalty Minutes : 8
Official
Referees : Cody Beach and Brian Pochmara
Linesman : Michel Cormier and Brandon Gawryletz
Game Notes
Mackenzie Blackwood enters game at 8:13 of 3rd period
Finance
Level 1 -- Attendance: 8890 (81.56%) -- Ticket Income $ 800 100
Level 2 -- Attendance: 1682 (74.76%) -- Ticket Income $ 126 150
Level 3 -- Attendance: 2825 (74.34%) -- Ticket Income $ 127 125
Level 4 -- Attendance: 1421 (94.73%) -- Ticket Income $ 42 630
Luxury Box -- Attendance: 50 (100.00%) -- Ticket Income $ 11 000
Game was played at the American Airlines Center.
Total Attendance: 14868 (80.37%)
Total Ticket Income: $ 1 107 005
Total Income: $ 1 107 005
San Jose Sharks
5 vs 5 Forward
Center Left Wing Right Wing Time % Phy DF OF
1 Nick Suzuki Timo Meier Tim Stutzle 28 1 2 2
2 Macklin Celebrini William Eklund JJ Peterka 28 1 2 2
3 Marco Rossi Fabian Zetterlund Tim Stutzle 22 1 2 2
4 Evgeni Malkin Filip Chytil Luke Kunin 22 2 2 1
5 vs 5 Defense
Defense Defense Time % Phy DF OF
1 Gustav Forsling Erik Karlsson 30 1 2 2
2 Jake Walman Ryker Evans 30 1 2 2
3 Lane Hutson Mario Ferraro 25 1 2 2
4 Vince Dunn Lane Hutson 15 1 2 2
PowerPlay Forward
Center Left Wing Right Wing Time % Phy DF OF
1 William Eklund Macklin Celebrini JJ Peterka 50 0 1 4
2 Marco Rossi Tim Stutzle Timo Meier 50 0 1 4
PowerPlay Defense
Defense Defense Time % Phy DF OF
1 Mario Ferraro Lane Hutson 50 0 1 4
2 Erik Karlsson Jake Walman 50 0 1 4
Penalty Kill 4 Players Forward
Center Wing Time % Phy DF OF
1 Tim Stutzle Macklin Celebrini 50 1 4 0
2 Timo Meier William Eklund 50 1 4 0
Penalty Kill 4 Players Defense
Defense Defense Time % Phy DF OF
1 Erik Karlsson Mario Ferraro 50 2 3 0
2 Jake Walman Lane Hutson 50 2 3 0
Penalty Kill - 3 Players Forward
Forward Time % Phy DF OF
1 Tim Stutzle 50 1 4 0
2 Macklin Celebrini 50 1 4 0
Penalty Kill - 3 Players Defense
Defense Defense Time % Phy DF OF
1 Gustav Forsling Mario Ferraro 50 1 4 0
2 Jake Walman Lane Hutson 50 1 4 0
4 vs 4 Forward
Center Wing Time % Phy DF OF
1 JJ Peterka Tim Stutzle 50 0 2 3
2 Macklin Celebrini William Eklund 50 0 2 3
4 vs 4 Defense
Defense Defense Time % Phy DF OF
1 Erik Karlsson Mario Ferraro 50 0 2 3
2 Jake Walman Lane Hutson 50 0 2 3
Last Minutes Offensive
Center Left Wing Right Wing Defense Defense
Nick Suzuki Macklin Celebrini Tim Stutzle Erik Karlsson Lane Hutson
Last Minutes Defensive
Center Left Wing Right Wing Defense Defense
Nick Suzuki William Eklund Tim Stutzle Gustav Forsling Mario Ferraro
Goaltenders
Starting : Petr Mrazek
Backup : Mackenzie Blackwood
Extra Forwards
Normal : Timo Meier, Marco Rossi, Fabian Zetterlund - PP : Evgeni Malkin, JJ Peterka - PK : Luke Kunin
Extra Defensemen
Normal : Mario Ferraro, Lane Hutson, Jake Walman - PP : Erik Karlsson - PK : Jake Walman, Lane Hutson
Penalty Shots
Fabian Zetterlund, Timo Meier, JJ Peterka, Tim Stutzle, Evgeni Malkin
Custom OT Lines Forwards
Nick Suzuki, Tim Stutzle, JJ Peterka, Macklin Celebrini, Marco Rossi, William Eklund, Timo Meier, Evgeni Malkin, Fabian Zetterlund, Luke Kunin
Custom OT Lines Defensemen
Gustav Forsling, Lane Hutson, Erik Karlsson, Jake Walman, Mario Ferraro
Scratches
Collin Graf (Bruised Left Leg Injury)
Dallas Stars
5 vs 5 Forward
Center Left Wing Right Wing Time % Phy DF OF
1 Jamie Benn Jonathan Marchessault Michael McCarron 35 0 1 4
2 Logan Cooley Kyle Connor Jason Robertson 30 1 2 2
3 Cole Sillinger Trent Frederic Leo Carlsson 20 2 2 1
4 Mavrik Bourque Pontus Holmberg Zachary L'Heureux 15 3 2 0
5 vs 5 Defense
Defense Defense Time % Phy DF OF
1 Miro Heiskanen Colton Parayko 35 1 3 1
2 Noah Dobson J.J. Moser 30 2 2 1
3 Moritz Seider Alexander Petrovic 20 3 2 0
4 Noah Dobson Colton Parayko 15 1 4 0
PowerPlay Forward
Center Left Wing Right Wing Time % Phy DF OF
1 Logan Cooley Kyle Connor Jonathan Marchessault 60 0 1 4
2 Cole Sillinger Jamie Benn Jason Robertson 40 1 1 3
PowerPlay Defense
Defense Defense Time % Phy DF OF
1 Miro Heiskanen Noah Dobson 60 1 3 1
2 J.J. Moser Colton Parayko 40 2 2 1
Penalty Kill 4 Players Forward
Center Wing Time % Phy DF OF
1 Michael McCarron Trent Frederic 55 2 3 0
2 Jamie Benn Cole Sillinger 45 3 2 0
Penalty Kill 4 Players Defense
Defense Defense Time % Phy DF OF
1 Colton Parayko Miro Heiskanen 55 2 3 0
2 Noah Dobson J.J. Moser 45 3 2 0
Penalty Kill - 3 Players Forward
Forward Time % Phy DF OF
1 Trent Frederic 60 1 4 0
2 Cole Sillinger 40 2 3 0
Penalty Kill - 3 Players Defense
Defense Defense Time % Phy DF OF
1 Colton Parayko Miro Heiskanen 60 1 4 0
2 Noah Dobson J.J. Moser 40 2 3 0
4 vs 4 Forward
Center Wing Time % Phy DF OF
1 Logan Cooley Kyle Connor 55 1 1 3
2 Jason Robertson Pontus Holmberg 45 2 2 1
4 vs 4 Defense
Defense Defense Time % Phy DF OF
1 Miro Heiskanen Alexander Petrovic 55 1 1 3
2 Noah Dobson Colton Parayko 45 2 2 1
Last Minutes Offensive
Center Left Wing Right Wing Defense Defense
Logan Cooley Kyle Connor Jason Robertson Miro Heiskanen Noah Dobson
Last Minutes Defensive
Center Left Wing Right Wing Defense Defense
Michael McCarron Jamie Benn Trent Frederic Moritz Seider Colton Parayko
Goaltenders
Starting : Ukko-Pekka Luukkonen
Backup : Nico Daws
Extra Forwards
Normal : Jason Robertson, Kyle Connor, Cole Sillinger - PP : Kyle Connor, Mavrik Bourque - PK : Pontus Holmberg
Extra Defensemen
Normal : Noah Dobson, J.J. Moser, Alexander Petrovic - PP : Colton Parayko - PK : Colton Parayko, Miro Heiskanen
Penalty Shots
Kyle Connor, Jason Robertson, Noah Dobson, Jamie Benn, Logan Cooley
Custom OT Lines Forwards
Logan Cooley, Kyle Connor, Jason Robertson, Michael McCarron, Trent Frederic, Jonathan Marchessault, Cole Sillinger, Mavrik Bourque, Jamie Benn, Pontus Holmberg
Custom OT Lines Defensemen
Miro Heiskanen, Alexander Petrovic, Noah Dobson, Colton Parayko, J.J. Moser
Scratches
Matthew Tkachuk (Back Spasms Injury)
% Time on Ice - San Jose Sharks
Lines # - Real PCT - Wanted PCT - Time Play
Normal Forward
1 - 22% - 28% - 11:42
2 - 34% - 28% - 17:48
3 - 16% - 22% - 8:29
4 - 27% - 22% - 14:05
Normal Defense
1 - 33% - 30% - 17:19
2 - 31% - 30% - 16:01
3 - 20% - 25% - 10:37
4 - 16% - 15% - 8:07
PP Forward
1 - 50% - 50% - 3:58
2 - 50% - 50% - 3:58
PP Defense
1 - 55% - 50% - 4:20
2 - 45% - 50% - 3:36
PK Forward
1 - 0% - 50%
2 - 0% - 50%
PK Defense
1 - 0% - 50%
2 - 0% - 50%
PK3 Forward
1 - 0% - 50%
2 - 0% - 50%
PK3 Defense
1 - 0% - 50%
2 - 0% - 50%
44 Forward
1 - 0% - 50%
2 - 0% - 50%
44 Defense
1 - 0% - 50%
2 - 0% - 50%
Last Minute Offensive - 0:00
Last Minute Defensive - 0:00
Total
Forward - 60:00
Defense - 60:00
|
% Time on Ice - Dallas Stars
Lines # - Real PCT - Wanted PCT - Time Play
Normal Forward
1 - 31% - 35% - 16:24
2 - 28% - 30% - 14:37
3 - 22% - 20% - 11:22
4 - 19% - 15% - 9:41
Normal Defense
1 - 33% - 35% - 17:14
2 - 27% - 30% - 13:55
3 - 31% - 20% - 16:02
4 - 9% - 15% - 4:53
PP Forward
1 - 0% - 60%
2 - 0% - 40%
PP Defense
1 - 0% - 60%
2 - 0% - 40%
PK Forward
1 - 60% - 55% - 4:46
2 - 40% - 45% - 3:10
PK Defense
1 - 38% - 55% - 3:00
2 - 62% - 45% - 4:56
PK3 Forward
1 - 0% - 60%
2 - 0% - 40%
PK3 Defense
1 - 0% - 60%
2 - 0% - 40%
44 Forward
1 - 0% - 55%
2 - 0% - 45%
44 Defense
1 - 0% - 55%
2 - 0% - 45%
Last Minute Offensive - 0:00
Last Minute Defensive - 0:00
Total
Forward - 60:00
Defense - 60:00
|
Play-by-Play
1st period
0:01 of 1st period - Jamie Benn wins face-off versus Nick Suzuki in neutral zone.
0:11 of 1st period - Off-side.
0:12 of 1st period - Macklin Celebrini wins face-off versus Logan Cooley in neutral zone.
0:23 of 1st period - Shot by Kyle Connor.
0:23 of 1st period - Shot Blocked by Ryker Evans.
0:25 of 1st period - Shot by J.J. Moser.
0:25 of 1st period - Shot Blocked by Jake Walman.
0:34 of 1st period - Kyle Connor is hit by Jake Walman and loses puck.
0:41 of 1st period - Shot by Kyle Connor.
0:41 of 1st period - Stopped by Petr Mrazek without a rebound.
0:42 of 1st period - Cole Sillinger wins face-off versus Marco Rossi in San Jose Sharks zone.
0:43 of 1st period - Shot by Leo Carlsson.
0:43 of 1st period - Stopped by Petr Mrazek without a rebound.
0:44 of 1st period - Luke Kunin wins face-off versus Cole Sillinger in San Jose Sharks zone.
0:51 of 1st period - Shot by Evgeni Malkin.
0:51 of 1st period - Deflect By Filip Chytil.
0:51 of 1st period - Stopped by Ukko-Pekka Luukkonen without a rebound.
0:52 of 1st period - Mavrik Bourque wins face-off versus Marco Rossi in Dallas Stars zone.
0:52 of 1st period - Mavrik Bourque is hit by Marco Rossi.
1:16 of 1st period - Minor Penalty to Noah Dobson for Interference.
1:17 of 1st period - Michael McCarron wins face-off versus William Eklund in Dallas Stars zone.
1:28 of 1st period - Shot by Macklin Celebrini.
1:28 of 1st period - Stopped by Ukko-Pekka Luukkonen without a rebound.
1:29 of 1st period - Michael McCarron wins face-off versus Marco Rossi in Dallas Stars zone.
1:52 of 1st period - Shot by Lane Hutson.
1:52 of 1st period - Shot Misses the Net.
2:50 of 1st period - Shot by Jake Walman.
2:50 of 1st period - Stopped by Ukko-Pekka Luukkonen without a rebound.
2:51 of 1st period - William Eklund wins face-off versus Michael McCarron in Dallas Stars zone.
2:58 of 1st period - Shot by JJ Peterka.
2:58 of 1st period - Stopped by Ukko-Pekka Luukkonen with a rebound.
3:00 of 1st period - Shot by William Eklund.
3:00 of 1st period - Stopped by Ukko-Pekka Luukkonen without a rebound.
3:01 of 1st period - William Eklund wins face-off versus Jamie Benn in Dallas Stars zone.
3:32 of 1st period - Vince Dunn is hit by Jason Robertson and loses puck.
4:11 of 1st period - Off-side.
4:12 of 1st period - Nick Suzuki wins face-off versus Mavrik Bourque in neutral zone.
4:21 of 1st period - Shot by Nick Suzuki.
4:21 of 1st period - Stopped by Ukko-Pekka Luukkonen without a rebound.
4:22 of 1st period - Macklin Celebrini wins face-off versus Jamie Benn in Dallas Stars zone.
5:19 of 1st period - Icing by Colton Parayko.
5:20 of 1st period - Jamie Benn wins face-off versus Marco Rossi in Dallas Stars zone.
5:29 of 1st period - Tim Stutzle is hit by Michael McCarron and loses puck.
5:43 of 1st period - Minor Penalty to J.J. Moser for Interference.
5:44 of 1st period - Pontus Holmberg wins face-off versus William Eklund in Dallas Stars zone.
5:49 of 1st period - Mario Ferraro is hit by Trent Frederic and loses puck.
5:58 of 1st period - Shot by Macklin Celebrini.
5:58 of 1st period - Stopped by Ukko-Pekka Luukkonen without a rebound.
5:59 of 1st period - Marco Rossi wins face-off versus Pontus Holmberg in Dallas Stars zone.
6:00 of 1st period - Shot by Jake Walman.
6:00 of 1st period - Shot Misses the Net.
6:02 of 1st period - Shot by Jake Walman.
6:02 of 1st period - Shot Blocked by Noah Dobson.
6:52 of 1st period - Shot by Lane Hutson.
6:52 of 1st period - Shot Misses the Net.
6:54 of 1st period - Shot by Macklin Celebrini.
6:54 of 1st period - Shot Misses the Net.
7:00 of 1st period - Shot by Macklin Celebrini.
7:00 of 1st period - Stopped by Ukko-Pekka Luukkonen with a rebound.
7:06 of 1st period - Shot by Lane Hutson.
7:06 of 1st period - Shot Misses the Net.
7:08 of 1st period - Shot by Mario Ferraro.
7:08 of 1st period - Shot Blocked by Moritz Seider.
7:10 of 1st period - Shot by Lane Hutson.
7:10 of 1st period - Deflect By JJ Peterka.
7:10 of 1st period - Shot Misses the Net.
7:45 of 1st period - Shot by Tim Stutzle.
7:45 of 1st period - Shot Misses the Net.
7:55 of 1st period - Shot by Filip Chytil.
7:55 of 1st period - Stopped by Ukko-Pekka Luukkonen without a rebound.
7:56 of 1st period - Mavrik Bourque wins face-off versus Evgeni Malkin in Dallas Stars zone.
8:11 of 1st period - Shot by Mavrik Bourque.
8:11 of 1st period - Stopped by Petr Mrazek with a rebound.
8:48 of 1st period - Shot by JJ Peterka.
8:48 of 1st period - Shot Misses the Net.
8:50 of 1st period - Shot by Macklin Celebrini.
8:50 of 1st period - Shot Misses the Net.
8:56 of 1st period - Shot by William Eklund.
8:56 of 1st period - Deflect By Macklin Celebrini.
8:56 of 1st period - Shot Blocked by J.J. Moser.
8:58 of 1st period - Shot by Gustav Forsling.
8:58 of 1st period - Shot Misses the Net.
9:20 of 1st period - Shot by Timo Meier.
9:20 of 1st period - Stopped by Ukko-Pekka Luukkonen with a rebound.
9:26 of 1st period - Shot by Logan Cooley.
9:26 of 1st period - Stopped by Petr Mrazek without a rebound.
9:27 of 1st period - Cole Sillinger wins face-off versus Marco Rossi in San Jose Sharks zone.
9:43 of 1st period - Off-side.
9:44 of 1st period - Logan Cooley wins face-off versus Macklin Celebrini in neutral zone.
10:14 of 1st period - Icing by Ryker Evans.
10:15 of 1st period - Jamie Benn wins face-off versus Macklin Celebrini in San Jose Sharks zone.
11:03 of 1st period - Icing by Miro Heiskanen.
11:04 of 1st period - Nick Suzuki wins face-off versus Jamie Benn in Dallas Stars zone.
11:07 of 1st period - Shot by Timo Meier.
11:07 of 1st period - Stopped by Ukko-Pekka Luukkonen with a rebound.
11:15 of 1st period - Shot by Nick Suzuki.
11:15 of 1st period - Shot Misses the Net.
11:58 of 1st period - Icing by Alexander Petrovic.
11:59 of 1st period - Cole Sillinger wins face-off versus JJ Peterka in Dallas Stars zone.
11:59 of 1st period - Cole Sillinger is hit by JJ Peterka.
12:50 of 1st period - Shot by Jason Robertson.
12:50 of 1st period - Shot Misses the Net.
13:10 of 1st period - Minor Penalty to J.J. Moser for Tripping.
13:11 of 1st period - Marco Rossi wins face-off versus Pontus Holmberg in Dallas Stars zone.
13:56 of 1st period - Moritz Seider is hit by Macklin Celebrini and loses puck.
14:49 of 1st period - Icing by Mario Ferraro.
14:50 of 1st period - Michael McCarron wins face-off versus Marco Rossi in San Jose Sharks zone.
16:08 of 1st period - Shot by Mavrik Bourque.
16:08 of 1st period - Stopped by Petr Mrazek without a rebound.
16:09 of 1st period - Macklin Celebrini wins face-off versus Cole Sillinger in San Jose Sharks zone.
16:18 of 1st period - Shot by JJ Peterka.
16:18 of 1st period - Stopped by Ukko-Pekka Luukkonen without a rebound.
16:19 of 1st period - Jamie Benn wins face-off versus Macklin Celebrini in Dallas Stars zone.
16:58 of 1st period - Icing by Macklin Celebrini.
16:59 of 1st period - Cole Sillinger wins face-off versus Macklin Celebrini in San Jose Sharks zone.
17:02 of 1st period - Shot by Leo Carlsson.
17:02 of 1st period - Shot Blocked by Gustav Forsling.
17:30 of 1st period - Shot by Tim Stutzle.
17:30 of 1st period - Shot Misses the Net.
17:32 of 1st period - Shot by Tim Stutzle.
17:32 of 1st period - Stopped by Ukko-Pekka Luukkonen without a rebound.
17:33 of 1st period - Nick Suzuki wins face-off versus Logan Cooley in Dallas Stars zone.
17:42 of 1st period - Shot by Tim Stutzle.
17:42 of 1st period - Goal by Tim Stutzle - San Jose Sharks : 1 - Dallas Stars : 0.
17:43 of 1st period - Evgeni Malkin wins face-off versus Zachary L'Heureux in neutral zone.
19:17 of 1st period - Off-side.
19:18 of 1st period - Macklin Celebrini wins face-off versus Jason Robertson in neutral zone.
Goals for this period are 1 for San Jose Sharks vs 0 for Dallas Stars.
Shots for this period are 14 for San Jose Sharks vs 5 for Dallas Stars.
2nd period
0:01 of 2nd period - Marco Rossi wins face-off versus Jamie Benn in neutral zone.
0:17 of 2nd period - Jonathan Marchessault is hit by Lane Hutson.
0:35 of 2nd period - Shot by Marco Rossi.
0:35 of 2nd period - Shot Misses the Net.
0:48 of 2nd period - Shot by William Eklund.
0:48 of 2nd period - Shot Misses the Net.
0:50 of 2nd period - Shot by JJ Peterka.
0:50 of 2nd period - Stopped by Ukko-Pekka Luukkonen without a rebound.
0:51 of 2nd period - Evgeni Malkin wins face-off versus Cole Sillinger in Dallas Stars zone.
0:55 of 2nd period - Evgeni Malkin is hit by Moritz Seider and loses puck.
1:16 of 2nd period - Shot by Moritz Seider.
1:16 of 2nd period - Shot Misses the Net.
1:31 of 2nd period - Minor Penalty to Kyle Connor for Hooking.
1:32 of 2nd period - Michael McCarron wins face-off versus William Eklund in Dallas Stars zone.
1:59 of 2nd period - Cole Sillinger is hit by Macklin Celebrini and loses puck.
2:17 of 2nd period - William Eklund is hit by Colton Parayko and loses puck.
2:46 of 2nd period - Shot by Jonathan Marchessault.
2:46 of 2nd period - Stopped by Petr Mrazek without a rebound.
2:47 of 2nd period - Marco Rossi wins face-off versus Michael McCarron in San Jose Sharks zone.
3:59 of 2nd period - Shot by Moritz Seider.
3:59 of 2nd period - Shot Misses the Net.
4:24 of 2nd period - Shot by Kyle Connor.
4:24 of 2nd period - Shot Misses the Net.
4:26 of 2nd period - Shot by Noah Dobson.
4:26 of 2nd period - Shot Misses the Net.
4:34 of 2nd period - Shot by Logan Cooley.
4:34 of 2nd period - Goal by Logan Cooley - San Jose Sharks : 1 - Dallas Stars : 1.
4:35 of 2nd period - Cole Sillinger wins face-off versus Nick Suzuki in neutral zone.
4:43 of 2nd period - Icing by Erik Karlsson.
4:44 of 2nd period - Nick Suzuki wins face-off versus Jamie Benn in San Jose Sharks zone.
5:37 of 2nd period - Shot by JJ Peterka.
5:37 of 2nd period - Shot Misses the Net.
6:34 of 2nd period - Shot by Jason Robertson.
6:34 of 2nd period - Deflect By Logan Cooley.
6:34 of 2nd period - Stopped by Petr Mrazek without a rebound.
6:35 of 2nd period - Cole Sillinger wins face-off versus Evgeni Malkin in San Jose Sharks zone.
7:05 of 2nd period - Icing by Noah Dobson.
7:06 of 2nd period - Marco Rossi wins face-off versus Cole Sillinger in Dallas Stars zone.
7:21 of 2nd period - Shot by Erik Karlsson.
7:21 of 2nd period - Shot Misses the Net.
7:37 of 2nd period - Shot by Marco Rossi.
7:37 of 2nd period - Stopped by Ukko-Pekka Luukkonen without a rebound.
7:38 of 2nd period - Logan Cooley wins face-off versus Nick Suzuki in Dallas Stars zone.
7:55 of 2nd period - Logan Cooley is hit by Lane Hutson and loses puck.
8:42 of 2nd period - Shot by Mavrik Bourque.
8:42 of 2nd period - Stopped by Petr Mrazek with a rebound.
10:25 of 2nd period - Shot by Jamie Benn.
10:25 of 2nd period - Shot Misses the Net.
12:19 of 2nd period - Shot by Evgeni Malkin.
12:19 of 2nd period - Shot Misses the Net.
12:38 of 2nd period - Icing by Alexander Petrovic.
12:39 of 2nd period - Evgeni Malkin wins face-off versus Mavrik Bourque in Dallas Stars zone.
12:39 of 2nd period - Tim Stutzle is hit by Alexander Petrovic.
12:59 of 2nd period - Shot by Tim Stutzle.
12:59 of 2nd period - Shot Misses the Net.
13:01 of 2nd period - Shot by Gustav Forsling.
13:01 of 2nd period - Stopped by Ukko-Pekka Luukkonen without a rebound.
13:02 of 2nd period - Cole Sillinger wins face-off versus Macklin Celebrini in Dallas Stars zone.
14:39 of 2nd period - Shot by Evgeni Malkin.
14:39 of 2nd period - Shot Blocked by Noah Dobson.
14:41 of 2nd period - Shot by Ryker Evans.
14:41 of 2nd period - Stopped by Ukko-Pekka Luukkonen without a rebound.
14:42 of 2nd period - Nick Suzuki wins face-off versus Leo Carlsson in Dallas Stars zone.
14:49 of 2nd period - Shot by Timo Meier.
14:49 of 2nd period - Stopped by Ukko-Pekka Luukkonen with a rebound.
14:51 of 2nd period - Shot by Ryker Evans.
14:51 of 2nd period - Shot Misses the Net.
15:42 of 2nd period - Shot by Evgeni Malkin.
15:42 of 2nd period - Stopped by Ukko-Pekka Luukkonen with a rebound.
15:56 of 2nd period - Lane Hutson is hit by Trent Frederic and loses puck.
16:00 of 2nd period - Icing by Lane Hutson.
16:01 of 2nd period - Zachary L'Heureux wins face-off versus Macklin Celebrini in San Jose Sharks zone.
17:19 of 2nd period - Shot by Logan Cooley.
17:19 of 2nd period - Shot Misses the Net.
17:21 of 2nd period - Shot by Kyle Connor.
17:21 of 2nd period - Shot Misses the Net.
18:55 of 2nd period - Icing by Colton Parayko.
18:56 of 2nd period - Jamie Benn wins face-off versus Macklin Celebrini in Dallas Stars zone.
18:58 of 2nd period - Icing by Colton Parayko.
18:59 of 2nd period - Jamie Benn wins face-off versus Macklin Celebrini in Dallas Stars zone.
19:12 of 2nd period - Shot by Macklin Celebrini.
19:12 of 2nd period - Stopped by Ukko-Pekka Luukkonen without a rebound.
19:13 of 2nd period - Logan Cooley wins face-off versus Macklin Celebrini in Dallas Stars zone.
19:20 of 2nd period - Shot by Jason Robertson.
19:20 of 2nd period - Stopped by Petr Mrazek with a rebound.
19:43 of 2nd period - Shot by JJ Peterka.
19:43 of 2nd period - Shot Misses the Net.
Goals for this period are 0 for San Jose Sharks vs 1 for Dallas Stars.
Shots for this period are 7 for San Jose Sharks vs 5 for Dallas Stars.
3rd period
0:01 of 3rd period - Jason Robertson wins face-off versus Nick Suzuki in neutral zone.
0:18 of 3rd period - Shot by Kyle Connor.
0:18 of 3rd period - Goal by Kyle Connor - San Jose Sharks : 1 - Dallas Stars : 2.
0:19 of 3rd period - Jamie Benn wins face-off versus Macklin Celebrini in neutral zone.
0:24 of 3rd period - Shot by Jonathan Marchessault.
0:24 of 3rd period - Shot Misses the Net.
0:38 of 3rd period - William Eklund is hit by Jonathan Marchessault and loses puck.
1:11 of 3rd period - William Eklund is hit by Jason Robertson and loses puck.
1:26 of 3rd period - Shot by Tim Stutzle.
1:26 of 3rd period - Shot Misses the Net.
1:28 of 3rd period - Shot by Lane Hutson.
1:28 of 3rd period - Goal by Lane Hutson - San Jose Sharks : 2 - Dallas Stars : 2.
1:29 of 3rd period - Tim Stutzle wins face-off versus Cole Sillinger in neutral zone.
1:40 of 3rd period - Shot by Tim Stutzle.
1:40 of 3rd period - Shot Misses the Net.
1:42 of 3rd period - Shot by Tim Stutzle.
1:42 of 3rd period - Stopped by Ukko-Pekka Luukkonen without a rebound.
1:43 of 3rd period - Evgeni Malkin wins face-off versus Mavrik Bourque in Dallas Stars zone.
1:54 of 3rd period - Shot by Filip Chytil.
1:54 of 3rd period - Shot Misses the Net.
2:06 of 3rd period - Shot by Filip Chytil.
2:06 of 3rd period - Shot Misses the Net.
2:10 of 3rd period - Shot by Evgeni Malkin.
2:10 of 3rd period - Stopped by Ukko-Pekka Luukkonen without a rebound.
2:11 of 3rd period - Kyle Connor wins face-off versus Nick Suzuki in Dallas Stars zone.
2:18 of 3rd period - Shot by Kyle Connor.
2:18 of 3rd period - Stopped by Petr Mrazek without a rebound.
2:19 of 3rd period - Michael McCarron wins face-off versus Timo Meier in San Jose Sharks zone.
2:26 of 3rd period - Shot by Colton Parayko.
2:26 of 3rd period - Stopped by Petr Mrazek without a rebound.
2:27 of 3rd period - Logan Cooley wins face-off versus Marco Rossi in San Jose Sharks zone.
2:41 of 3rd period - Off-side.
2:42 of 3rd period - Jamie Benn wins face-off versus Macklin Celebrini in neutral zone.
3:04 of 3rd period - JJ Peterka is hit by J.J. Moser.
3:08 of 3rd period - Shot by William Eklund.
3:08 of 3rd period - Shot Misses the Net.
3:10 of 3rd period - Shot by William Eklund.
3:10 of 3rd period - Shot Misses the Net.
3:12 of 3rd period - Shot by Jake Walman.
3:12 of 3rd period - Shot Misses the Net.
3:16 of 3rd period - Shot by Macklin Celebrini.
3:16 of 3rd period - Shot Misses the Net.
3:18 of 3rd period - Shot by Macklin Celebrini.
3:18 of 3rd period - Stopped by Ukko-Pekka Luukkonen without a rebound.
3:19 of 3rd period - Logan Cooley wins face-off versus Timo Meier in Dallas Stars zone.
3:44 of 3rd period - Shot by Kyle Connor.
3:44 of 3rd period - Stopped by Petr Mrazek without a rebound.
3:45 of 3rd period - Cole Sillinger wins face-off versus Evgeni Malkin in San Jose Sharks zone.
3:56 of 3rd period - Shot by Cole Sillinger.
3:56 of 3rd period - Stopped by Petr Mrazek without a rebound.
3:57 of 3rd period - Macklin Celebrini wins face-off versus Mavrik Bourque in San Jose Sharks zone.
4:07 of 3rd period - Shot by Pontus Holmberg.
4:07 of 3rd period - Stopped by Petr Mrazek with a rebound.
4:09 of 3rd period - Shot by Pontus Holmberg.
4:09 of 3rd period - Goal by Pontus Holmberg - San Jose Sharks : 2 - Dallas Stars : 3.
4:10 of 3rd period - Jamie Benn wins face-off versus Nick Suzuki in neutral zone.
4:14 of 3rd period - Icing by Jake Walman.
4:15 of 3rd period - Nick Suzuki wins face-off versus Logan Cooley in San Jose Sharks zone.
4:15 of 3rd period - Nick Suzuki is hit by Logan Cooley.
4:35 of 3rd period - Shot by Kyle Connor.
4:35 of 3rd period - Shot Misses the Net.
4:41 of 3rd period - Shot by Timo Meier.
4:41 of 3rd period - Shot Blocked by Colton Parayko.
4:51 of 3rd period - Shot by Nick Suzuki.
4:51 of 3rd period - Shot Misses the Net.
6:32 of 3rd period - Off-side.
6:33 of 3rd period - Nick Suzuki wins face-off versus Zachary L'Heureux in neutral zone.
6:42 of 3rd period - Shot by Nick Suzuki.
6:42 of 3rd period - Shot Misses the Net.
7:12 of 3rd period - Icing by Mavrik Bourque.
7:13 of 3rd period - Macklin Celebrini wins face-off versus Mavrik Bourque in Dallas Stars zone.
8:00 of 3rd period - Michael McCarron is hit by Erik Karlsson and loses puck.
8:08 of 3rd period - Jonathan Marchessault is hit by Erik Karlsson and loses puck.
8:11 of 3rd period - Shot by J.J. Moser.
8:11 of 3rd period - Shot Blocked by Erik Karlsson.
8:13 of 3rd period - Shot by Michael McCarron.
8:13 of 3rd period - Goal by Michael McCarron - San Jose Sharks : 2 - Dallas Stars : 4.
8:13 of 3rd period - Mackenzie Blackwood enters game.
8:14 of 3rd period - Logan Cooley wins face-off versus Nick Suzuki in neutral zone.
8:21 of 3rd period - Shot by Kyle Connor.
8:21 of 3rd period - Deflect By Logan Cooley.
8:21 of 3rd period - Stopped by Mackenzie Blackwood without a rebound.
8:22 of 3rd period - Cole Sillinger wins face-off versus Marco Rossi in San Jose Sharks zone.
8:30 of 3rd period - Shot by Marco Rossi.
8:30 of 3rd period - Stopped by Ukko-Pekka Luukkonen without a rebound.
8:31 of 3rd period - Logan Cooley wins face-off versus Nick Suzuki in Dallas Stars zone.
8:38 of 3rd period - Shot by Kyle Connor.
8:38 of 3rd period - Stopped by Mackenzie Blackwood without a rebound.
8:39 of 3rd period - Jamie Benn wins face-off versus Marco Rossi in San Jose Sharks zone.
8:49 of 3rd period - Icing by Jake Walman.
8:50 of 3rd period - Marco Rossi wins face-off versus Logan Cooley in San Jose Sharks zone.
9:00 of 3rd period - Shot by Marco Rossi.
9:00 of 3rd period - Shot Blocked by Noah Dobson.
9:08 of 3rd period - Shot by Marco Rossi.
9:08 of 3rd period - Shot Blocked by Logan Cooley.
9:10 of 3rd period - Shot by Tim Stutzle.
9:10 of 3rd period - Shot Misses the Net.
9:30 of 3rd period - Mario Ferraro is hit by Logan Cooley and loses puck.
9:39 of 3rd period - Jason Robertson is hit by Luke Kunin and loses puck.
11:19 of 3rd period - Timo Meier is hit by Trent Frederic and loses puck.
11:27 of 3rd period - Vince Dunn is hit by Alexander Petrovic and loses puck.
11:38 of 3rd period - Shot by Evgeni Malkin.
11:38 of 3rd period - Shot Blocked by Moritz Seider.
11:40 of 3rd period - Shot by Jake Walman.
11:40 of 3rd period - Goal by Jake Walman - San Jose Sharks : 3 - Dallas Stars : 4.
11:41 of 3rd period - Mavrik Bourque wins face-off versus Macklin Celebrini in neutral zone.
12:19 of 3rd period - Off-side.
12:20 of 3rd period - Luke Kunin wins face-off versus Jamie Benn in neutral zone.
12:53 of 3rd period - Shot by Evgeni Malkin.
12:53 of 3rd period - Stopped by Ukko-Pekka Luukkonen without a rebound.
12:54 of 3rd period - Logan Cooley wins face-off versus Tim Stutzle in Dallas Stars zone.
13:16 of 3rd period - Shot by Jason Robertson.
13:16 of 3rd period - Goal by Jason Robertson - San Jose Sharks : 3 - Dallas Stars : 5.
13:17 of 3rd period - Cole Sillinger wins face-off versus Macklin Celebrini in neutral zone.
13:30 of 3rd period - Shot by Leo Carlsson.
13:30 of 3rd period - Shot Misses the Net.
13:40 of 3rd period - Shot by Trent Frederic.
13:40 of 3rd period - Stopped by Mackenzie Blackwood without a rebound.
13:41 of 3rd period - Nick Suzuki wins face-off versus Logan Cooley in San Jose Sharks zone.
14:06 of 3rd period - Shot by Kyle Connor.
14:06 of 3rd period - Shot Misses the Net.
14:46 of 3rd period - Shot by Evgeni Malkin.
14:46 of 3rd period - Shot Blocked by Noah Dobson.
16:07 of 3rd period - Michael McCarron is hit by Tim Stutzle and loses puck.
16:22 of 3rd period - Shot by Marco Rossi.
16:22 of 3rd period - Stopped by Ukko-Pekka Luukkonen without a rebound.
16:23 of 3rd period - Cole Sillinger wins face-off versus Nick Suzuki in Dallas Stars zone.
17:17 of 3rd period - Pontus Holmberg is hit by Erik Karlsson and loses puck.
17:27 of 3rd period - Off-side.
17:28 of 3rd period - Jamie Benn wins face-off versus Macklin Celebrini in neutral zone.
17:37 of 3rd period - Gustav Forsling is hit by Jonathan Marchessault and loses puck.
18:00 of 3rd period - William Eklund is hit by Michael McCarron and loses puck.
18:25 of 3rd period - Shot by Pontus Holmberg.
18:25 of 3rd period - Stopped by Mackenzie Blackwood without a rebound.
18:26 of 3rd period - Marco Rossi wins face-off versus Cole Sillinger in San Jose Sharks zone.
18:26 of 3rd period - Marco Rossi is hit by Cole Sillinger.
19:31 of 3rd period - Icing by Miro Heiskanen.
19:32 of 3rd period - Cole Sillinger wins face-off versus JJ Peterka in Dallas Stars zone.
19:53 of 3rd period - Erik Karlsson is hit by Jason Robertson and loses puck.
Goals for this period are 2 for San Jose Sharks vs 4 for Dallas Stars.
Shots for this period are 8 for San Jose Sharks vs 13 for Dallas Stars.
Back to the Top